Cogmind - Beta 9.6 *** ADVENTURER MODE // 2020.05.27 @ 11:50:46 Player: Ben'n'Dan Result: Destroyed by Y-45 Defender with Heavy Assault Rifle Performance ------------- Evolutions (1) 500 Regions Visited (2) 400 Robots Destroyed (21) 105 Value Destroyed (470) 470 Prototype IDs (4) 80 Alien Tech Used (0) 0 Bonus (0) 0 TOTAL SCORE: 1555 Bonus ------- None Cogmind --------- Core Integrity 0/400 Matter 113/300 Energy 99/100 System Corruption 0% Temperature Cool (9) Movement Core (200) Ox3 Location -9/Materials Parts ------- > --- POWER (1) -------- (None) > --- PROPULSION (4) --- (None) > --- UTILITY (2) ------ Medium Storage Unit Hacking Suite > --- WEAPON (2) ------- Great Maul > --- INVENTORY (8) ---- Light Deuterium Engine Light Deuterium Engine Weight Redist. System Hacking Suite Hacking Suite Hacking Suite Great Maul Peak State ------------ > --- POWER ------------ Cooled Ion Engine > --- PROPULSION ------- Aluminum Leg Aluminum Leg Aluminum Leg Aluminum Leg > --- UTILITY ---------- Medium Storage Unit Medium Storage Unit > --- WEAPON ----------- Advanced Beam Cannon Advanced Beam Cannon > --- INVENTORY -------- Cooled Ion Engine Flight Unit Flight Unit Flight Unit Flight Unit Weight Redist. System Hacking Suite Hacking Suite Advanced Beam Cannon Improved Assault Rifle [Rating: 17] Favorites ----------- Power Light Ion Engine Engine Light Ion Engine Propulsion Aluminum Leg Leg Aluminum Leg Flight Unit Flight Unit Utility Small Storage Unit Device Weight Redist. System Storage Small Storage Unit Hackware Hacking Suite Protection Core Shielding Weapon Assault Rifle Energy Gun Medium Laser Energy Cannon Advanced Beam Cannon Ballistic Gun Assault Rifle Ballistic Cannon Improved Light Cannon Impact Weapon Great Maul Build | -11 -10 -9 ------- Run | Scr Mat Mat Slots Evolved 2 | . . 2 Power . | . . . Propulsion 2 | . . 2 Utility . | . . . Weapon . | . . . Parts Attached 37 | 6 4 27 Power 7 | 1 1 5 Engine 7 | 1 1 5 Core . | . . . Reactor . | . . . Propulsion 12 | 2 2 8 Treads . | . . . Leg 8 | 2 2 4 Wheel . | . . . Hover . | . . . Flight 4 | . . 4 Utility 6 | 1 1 4 Device 1 | . . 1 Storage 3 | 1 . 2 Processor . | . . . Hackware 1 | . . 1 Protection 1 | . 1 . Artifact . | . . . Weapon 12 | 2 . 10 Energy Gun 2 | 1 . 1 Energy Cannon 2 | . . 2 Ballistic Gun 3 | 1 . 2 Ballistic Cannon 2 | . . 2 Launcher . | . . . Special Weapon . | . . . Impact Weapon 3 | . . 3 Slashing Weapon . | . . . Piercing Weapon . | . . . Special Melee Weapon . | . . . Unidentified Prototypes 2 | . . 2 Parts Lost 5 | . . 5 Power . | . . . Propulsion 4 | . . 4 Utility . | . . . Weapon 1 | . . 1 Highest Loss Streak 4 | . . 4 Average Slot Usage (%) 91 | . 95 90 Engine 11 | . 14 10 Leg 31 | . 28 33 Flight 4 | . . 7 Storage 12 | . 14 11 Hackware 1 | . . 2 Protection 8 | . 9 7 Energy Gun 4 | . 14 . Energy Cannon 2 | . . 3 Ballistic Gun 11 | . 14 11 Ballistic Cannon 1 | . . 1 Impact Weapon 1 | . . 1 Naked Turns . | . . . Heaviest Build 32 | 11 14 32 Greatest Support 40 | 20 20 40 Greatest Overweight (x) 2 | 1 . 2 Average Overweight (x) . | . . . Largest Inventory Capacity 12 | 6 6 12 Average Capacity 6 | 5 6 7 Most Carried 12 | 2 6 12 Average Carried 5 | 1 3 6 Final Capacity 8 | 6 6 8 Final Carried 7 | 2 6 7 Class Distribution -------------------- 59% | Mutant 24% | Scavenger-Mutant 10% | Hacker-Mutant 6% | Scavenger-Sprinter Dominant Class ---------------- Mutant | -10/Materials Scavenger-Mutant | -9/Materials Resources | -11 -10 -9 ----------- Run | Scr Mat Mat Matter Collected 539 | 154 89 296 Remotely . | . . . Salvage Created 644 | . 89 555 Parts 48 | . 4 44 Haulers Intercepted 2 | . . 2 Recyclers Shooed 1 | . . 1 Parts Field Recycled . | . . . Retrieved Matter . | . . . Parts Self-Destructed . | . . . Prevented . | . . . Kills | -11 -10 -9 ------- Run | Scr Mat Mat Combat Hostiles Destroyed 17 | . 2 15 Melee 1 | . . 1 Guns 14 | . 2 12 Classes Destroyed 5 | . 1 4 Hauler 2 | . . 2 Watcher 2 | . . 2 Swarmer 7 | . . 7 Grunt 9 | . 2 7 Sentry 1 | . . 1 Best Kill Streak 5 | . 2 5 Combat Bots Only 5 | . 2 5 Max Kills in Single Turn 1 | . 1 1 Gunslinging . | . . . Exploded . | . . . Melee 1 | . . 1 Uniques/NPCs Destroyed . | . . . Combat | -11 -10 -9 -------- Run | Scr Mat Mat Damage Taken 1007 | . 165 842 Core 422 | . 10 412 Absorbed by Shields . | . . . Core Remaining (%) 98 | 100 96 . Volleys Fired 52 | . 9 43 Largest 2 | . 2 2 Hottest 85 | . 70 85 Shots Fired 91 | . 18 73 Gun 81 | . 18 63 Cannon 10 | . . 10 Launcher . | . . . Special . | . . . Kinetic 72 | . 9 63 Thermal 19 | . 9 10 Explosive . | . . . Electromagnetic . | . . . Robot Hit Streak 44 | . 15 44 Robot Miss Streak 2 | . 1 2 Penetration Max . | . . . Secondary Targets . | . . . Shots Hit Robots 92 | . 16 76 Core Hits 33 | . 5 28 Critical Hits 2 | . . 2 Critical Kills . | . . . Critical Parts Destroyed 2 | . . 2 Melee Attacks 19 | . . 19 Impact 19 | . . 19 Slashing . | . . . Piercing . | . . . Sneak Attacks . | . . . Combat Hostiles . | . . . Follow-up Attacks . | . . . Damage Inflicted 1347 | . 202 1145 Guns 839 | . 202 637 Cannons 84 | . . 84 Explosions . | . . . Melee 424 | . . 424 Ramming . | . . . Kinetic 695 | . 88 607 Thermal 228 | . 114 114 Explosive . | . . . Electromagnetic . | . . . Impact 424 | . . 424 Slashing . | . . . Piercing . | . . . Highest Corruption . | . . . Average Corruption . | . . . Corruption Purged . | . . . Overload Shots . | . . . Overflow Damage 58 | . . 58 Projectiles . | . . . Explosions . | . . . Melee 58 | . . 58 Knockbacks . | . . . Impact . | . . . Kinetic . | . . . Secondary . | . . . Self-Inflicted Damage . | . . . Shots . | . . . Rammed . | . . . Targets Rammed . | . . . Kicked . | . . . Crushed . | . . . Highest Temperature 159 | . 159 36 Average Temperature 56 | . 90 9 Received Heat Transfer 357 | . 78 279 Siege Activations . | . . . Robots Corrupted . | . . . Combat Hostiles . | . . . Parts Fried 2 | . . 2 Impact Corruptions 5 | . . 5 Robots Melted . | . . . Combat Hostiles . | . . . Parts Melted 1 | . 1 . Heat Transferred 592 | . 333 259 Parts Sabotaged . | . . . Parts Stolen . | . . . Parts Stripped . | . . . Power Chain Reactions . | . . . Missiles Intercepted . | . . . Alert | -11 -10 -9 ------- Run | Scr Mat Mat Peak Influence 318 | . 58 318 Average Influence 130 | . 29 186 Maximum Alert Level 1 | . . 1 Low Security (%) 72 | 100 100 58 Level 1 27 | . . 41 Level 2 . | . . . Level 3 . | . . . Level 4 . | . . . Level 5 . | . . . High Security . | . . . Max Security . | . . . Squads Dispatched 2 | . . 2 Investigation 2 | . . 2 Extermination . | . . . Reinforcement . | . . . Assault . | . . . Garrison . | . . . Intercept . | . . . Construction Impeded . | . . . Haulers Reinforced . | . . . Stealth | -11 -10 -9 --------- Run | Scr Mat Mat Distress Signals 1 | . . 1 Communications Jammed . | . . . Distress Signals . | . . . Times Spotted 29 | . 5 24 Peak Tracking Total 6 | . 3 6 Tactical Retreats 2 | . . 2 Traps | -11 -10 -9 ------- Run | Scr Mat Mat Traps Triggered . | . . . Indirectly . | . . . Trap Hack Attempts . | . . . Triggered . | . . . Disarmed 1 | . 1 . Reprogrammed . | . . . Reused . | . . . Traps Extracted . | . . . Installed . | . . . Triggered . | . . . Machines | -11 -10 -9 ---------- Run | Scr Mat Mat Machines Disabled . | . . . Max in Single Turn . | . . . Machines Sabotaged . | . . . Garrisons Compromised . | . . . Overloaded Fab Kills . | . . . Fab Network Shutdowns . | . . . Hacking | -11 -10 -9 --------- Run | Scr Mat Mat Machines Accessed 9 | . 3 6 Terminals 8 | . 3 5 Fabricators . | . . . Repair Stations . | . . . Recycling Units . | . . . Scanalyzers 1 | . . 1 Garrison Access . | . . . Total Hacks 24 | . 9 15 Successful 17 | . 8 9 Failed 7 | . 1 6 Catastrophic 2 | . . 2 Database Lockouts . | . . . Manual 5 | . 2 3 Terminals 20 | . 9 11 Fabricators . | . . . Repair Stations . | . . . Recycling Units . | . . . Scanalyzers 4 | . . 4 Garrison Access . | . . . Terminal Hacks 13 | . 8 5 Prototype ID Bank 2 | . 1 1 Level Access Points 1 | . 1 . Emergency Access Points 2 | . 1 1 Terminal Index 1 | . 1 . Locate Traps 3 | . 2 1 Disarm Traps 1 | . 1 . Assault Status 1 | . 1 . Recall Reinforcements 1 | . . 1 Zone Layout 1 | . . 1 Fabricator Hacks . | . . . Repair Station Hacks . | . . . Recycling Unit Hacks . | . . . Scanalyzer 4 | . . 4 Insert Component 2 | . . 2 Analyze 2 | . . 2 Garrison Access Hacks . | . . . Unauthorized Hacks . | . . . Terminals . | . . . Fabricators . | . . . Repair Stations . | . . . Recycling Units . | . . . Scanalyzers . | . . . Garrison Access . | . . . Data Cores Recovered . | . . . Used . | . . . Hacking Detections 8 | . 2 6 Full Trace Events 2 | . . 2 Feedback Events . | . . . Feedback Blocked . | . . . Robot Schematics Acquired . | . . . Robots Built . | . . . Matter . | . . . Time . | . . . Total Robot Build Rating . | . . . Part Schematics Acquired 2 | . . 2 Parts Built . | . . . Matter . | . . . Time . | . . . Total Part Build Rating . | . . . Parts Repaired . | . . . Time . | . . . Parts Recycled . | . . . Recycled Matter . | . . . Retrieved Matter . | . . . Retrieved Components . | . . . Parts Scanalyzed 2 | . . 2 Part Schematics Acquired 2 | . . 2 Parts Damaged . | . . . Bothacking | -11 -10 -9 ------------ Run | Scr Mat Mat Used RIF Installer . | . . . Robots Hacked . | . . . Non-combat . | . . . Combat . | . . . Robot Hacks Applied . | . . . Relay Couplers Released . | . . . Robots Rewired . | . . . Allies Hacked . | . . . Hacks Repelled . | . . . Allies | -11 -10 -9 -------- Run | Scr Mat Mat Total Allies . | . . . Largest Group . | . . . Highest-Rated Group . | . . . Highest-Rated Ally . | . . . Total Orders . | . . . Ally Attacks . | . . . Total Damage . | . . . Kills . | . . . Allies Corrupted . | . . . Allies Melted . | . . . Intel | -11 -10 -9 ------- Run | Scr Mat Mat Robot Analysis Total . | . . . Derelict Logs Recovered . | . . . Drone Launches . | . . . Drone Recoveries . | . . . Exploration | -11 -10 -9 ------------- Run | Scr Mat Mat Turns Passed 868 | 60 239 569 Spaces Moved 556 | 42 171 343 Core 6 | 6 . . Treads . | . . . Legs 424 | 36 171 217 Wheels . | . . . Hover . | . . . Flight 126 | . . 126 Fastest Speed 31 | 50 120 31 Average Speed 99 | 117 120 87 Slowest Speed 200 | 150 120 200 Overloaded Moves . | . . . Propulsion Burnouts . | . . . Robots Hopped . | . . . Cave-ins Triggered . | . . . Exploration Rate (%) 21 | 5 37 21 Regions Visited 2 Branch Regions . Pre-discovered Areas . | . . . Known Exits Taken 1 | . 1 . Unknown Exits Taken 1 | 1 . . Scrap Searched . | . . . Spaces Dug 1 | . . 1 Terrain Destroyed 1 | . . 1 Melee . | . . . Projectile 1 | . . 1 AOE . | . . . Actions | -11 -10 -9 --------- Run | Scr Mat Mat Total 748 | 50 185 513 Wait 33 | . 1 32 Move 554 | 41 170 343 Hop . | . . . Pick Up 21 | 3 1 17 Fast Attach 15 | 5 1 9 Attach 7 | 1 . 6 Detach 4 | . . 4 Swap 15 | . 3 12 Drop 28 | . . 28 Fire 52 | . 9 43 Melee 19 | . . 19 Ram . | . . . Kick . | . . . Crush . | . . . Escape Stasis . | . . . Rewire . | . . . Trap . | . . . Miscellaneous . | . . . Route ------- -11/Scrapyard -10/Materials (discovered 3 exits: *Mat x3) -9/Materials History --------- Turn | Location | Event 11 | -11/Scrapyard | Discovered new exit (range 16) 61 | -11/Scrapyard | Entered Materials 231 | -10/Materials | Identified exit to Materials 300 | -10/Materials | Entered another Materials area 300 | -9/Materials | Evolved 2 slots: Propulsion x2 304 | -9/Materials | Build established: Mutant 838 | -9/Materials | Core integrity fell below 50% 859 | -9/Materials | Core integrity fell below 20% 869 | -9/Materials | Destroyed by Y-45 Defender with Heavy Assault Rifle Last Messages --------------- 00809_ S-10 Pest system corrupted by crushing effect. 00810_ Flight Unit destroyed. 00812_ S-10 Pest destroyed. 00816_ Destroyed Flight Unit. 00816_ S-10 Pest system corrupted by crushing effect. 00817_ S-10 Pest system terminally corrupted. 00817_ Lgt. Ion Engine fried. 00819_ Destroyed Flight Unit. 00819_ S-10 Pest system corrupted by crushing effect. 00819_ S-10 Pest IFF system glitched. 00820_ S-10 Pest system terminally corrupted. 00820_ Flight Unit fried. 00822_ Dropped Lgt. Deuterium Engine. 00831_ Flight Unit destroyed. 00851_ Acquired 11 matter. 00853_ Flight Unit destroyed. 00865_ Destroyed Flight Unit. 00865_ S-10 Pest system corrupted by crushing effect. 00868_ Destroyed Flight Unit. 00868_ S-10 Pest system corrupted by crushing effect. Map ----- +----------------------------------------------------+ | ????????????????? #??????????????????????????? | | ?????????????????? #??????????????????????????? | | ?????????????????? ]#??????????????????????????? | | ??????????????????? ???????????????????????????? | | ??????????????????? ???????????????????????????? | | ???????????#########+####????????????????????????? | | ???????????# #????????????????????????? | | ???????????# * #????????????????????????? | | ???????????# #????????????????????????? | | ?????????? # #??????????????????????### | | ?????????? # ######?????????????????# | | ?????????? ###+########+##=[/#?????????????????# | | ?????# ?"" # = ==]/#?????????????????# | | ?????# # =%! =*] #?????????????????# | | ?????# """ # !! "T" !]*#?????????????????# | | ?????# """ # *%! * #?????????????????# | | ?????# """ #]!! ! #?????????????????# | | ?????# #]!! #####?###########?????# | | ?????# #]!! #?????# ####### | | ##???# # """ #?????# # ### | | "" ???? # """ !#?????# # | | "" ?#####+## """= ##????# !+ T | | "" !# ]=!*###### [# | | # !=Y[^* + # ### | | ! + #######+#/###### ## #### | | # ######+#####?# %*@s##??# ## # | | ##### ## ### ""* #???############ # | | #### # """"""" + + """ #??????????????# +*! | | " # """"""" ### S" #??????????????# %# | | "T # """"""" #?# #??????????????# # "" | | #### # """"""" #?# #??????????????# # "" | | ???##+### """"""" #?########??????????????##### "" | | ??? ???? #???????????????????????????# | | ? #???? #???????????????????????????#### | | " """ #????######??????????????????????????????? | | " """ #????????????????????????????????????????? | | " """ ????????????????????????????????????????? | | !#????????????????????????????????????????? | | #????????????????????????????????????????? | | ???#####?????????????????????????????????????????? | | | | | | | | | | | | | | | | | | | | | +----------------------------------------------------+ Best States ------------- Heat Dissipation 28 Energy Generation 14 Energy Capacity 280 Matter Stores 252 Matter Capacity 300 Sight Range 16 Terrain Scan Density 10 Resistance: KI 20 Resistance: TH 20 Resistance: EX 20 Resistance: EM 20 Resistance: I 20 Resistance: S 20 Resistance: P 20 Core Shielding 20 Evasion (%) 63 Offensive Hacking 20 Item Schematics ----------------- Hacking Suite | -9/Materials | Scanalyzed Lgt. Deuterium Engine | -9/Materials | Scanalyzed Robot Schematics ------------------ None Fabricated ------------ Nothing Alien Tech Used ----------------- None Achievements -------------- None Challenges ------------ None Game ------ Seed ActuatorSupercompositeLoader Manual? 0 Play Time 00:17:46 Cumulative 114.8 hours Start 2020.05.27 @ 11:36:27 End 2020.05.27 @ 11:50:46 Sessions 1 Manual Loads 0 Difficulty Adventurer Special Mode None Game No. 253 Rogue 245 Adventurer 8 Explorer 0 Win Type - Total 5 Types 3/0/1/1/0/0/0 Lore% 76 Gallery% 77 Achievement% 57 Wizard Run 0 Options --------- ASCII 0 Keyboard 0 Movement Mouse Keybinds 0 Fullscreen 1 Font 12/Smallcaps Map View 83x54 Tactical HUD 1 Map Filters NONE Filters NONE Steam 1 RUN: 64344077-7b83-4903-96b5-e633ce5f4873